 Dungeon Crawl Stone Soup version 0.27-a0-887-gcab673c142 (webtiles) character file.

Game seed: 4411537044453670576

11347 spiderkeys the Martial Artist (level 11, -5/78 HPs)
             Began as an Octopode Transmuter on Apr 4, 2021.
             Was an Initiate of Gozag.
             Slain by an orc warrior
             ... wielding a +0 scimitar
              (15 damage)
             ... on level 1 of the Orcish Mines.
             The game lasted 00:23:04 (16492 turns).

spiderkeys the Martial Artist (OpTm)               Turns: 16492, Time: 00:23:05

Health: -5/78      AC:  1    Str: 15    XL:     11   Next: 76%
Magic:  12/14      EV: 18    Int: 19    God:    Gozag
Gold:   2387       SH:  5    Dex: 17    Spells: 10/14 levels left

rFire    . . .     SeeInvis +   b - +5 dagger (elec)
rCold    . . .     Faith    .   w - +0 buckler
rNeg     . . .     Spirit   .   (helmet restricted)
rPois    .         Reflect  .   (no amulet)
rElec    .         Harm     .   d - +6 ring of strength
rCorr    .         Rampage  .   c - ring of see invisible
Will     +....                  q - ring of wizardry
Stlth    +++.......             x - ring of willpower
HPRegen  0.23/turn              (no ring)
MPRegen  0.14/turn              (no ring)
                                (no ring)
                                (no ring)

@: gold aura
A: almost no armour, amphibious, 8 rings, camouflage 1, gelatinous body 1,
(nimble swimmer 1), tentacles, agile 1, clever 1
a: Renounce Religion, Potion Petition, Call Merchant, Bribe Branch


You were on level 1 of the Orcish Mines.
You worshipped Gozag.
Gozag was most pleased with you.
You visited 2 branches of the dungeon, and saw 12 of its levels.

You collected 2579 gold pieces.
You spent 168 gold pieces at shops.
You paid 24 gold pieces to Gozag.

Inventory:

Hand Weapons
 b - a +5 dagger of electrocution (weapon)
Missiles
 m - 7 atropa-tipped darts
 p - a throwing net
 z - a curare-tipped dart
Armour
 w - a +0 buckler (worn)
Jewellery
 c - a ring of see invisible (right tentacle)
 d - a +6 ring of strength (left tentacle)
 q - a ring of wizardry (on tentacle)
 x - a ring of willpower (on tentacle)
Wands
 n - a wand of random effects (14)
 t - a wand of iceblast (10)
 u - a wand of acid (8)
 C - a wand of polymorph (8)
Scrolls
 e - 7 scrolls of teleportation
 r - a scroll of amnesia
 A - a scroll of identify
 B - a scroll of acquirement {unknown}
Potions
 a - 2 potions of haste
 f - 4 potions of brilliance
 g - a potion of ambrosia
 h - 2 potions of attraction {unknown}
 i - 2 potions of lignification
 j - 2 potions of resistance
 k - 2 potions of flight {unknown}
 o - a potion of curing
 s - a potion of mutation
 v - a potion of berserk rage {unknown}


   Skills:
 + Level 8.3 Fighting
 + Level 8.6 Dodging
 - Level 1.0 Stealth
 + Level 3.4 Shields
 * Level 11.1 Unarmed Combat
 - Level 2.2 Spellcasting
 + Level 8.5 Transmutations


You had 10 spell levels left.
You knew the following spells:

 Your Spells              Type           Power      Damage    Failure   Level
a - Beastly Appendage     Tmut           68%        N/A       1%          1
b - Spider Form           Tmut/Pois      9%         N/A       3%          3

Your spell library contained the following spells:

 Spells                   Type           Power      Damage    Failure   Level
 Wereblood                Tmut           34%        N/A       1%          2
 Hydra Form               Tmut           17%        N/A       6%          5
 Animate Skeleton         Necr           4%         N/A       8%          1
 Foxfire                  Conj/Fire      8%         2x1d4     8%          1
 Freeze                   Ice            8%         1d3       8%          1
 Pain                     Necr           8%         1d4       8%          1
 Ice Form                 Ice/Tmut       18%        N/A       12%         4
 Conjure Flame            Conj/Fire      2%         6-21      21%         3
 Frozen Ramparts          Ice            4%         1d2       21%         3
 Inner Flame              Hex/Fire       2%         N/A       21%         3
 Ozocubu's Armour         Ice            2%         N/A       21%         3
 Vampiric Draining        Necr           1%         2d6       21%         3
 Animate Dead             Necr           1%         N/A       54%         4
 Hailstorm                Conj/Ice       2%         3d3       54%         4
 Sticky Flame             Conj/Fire      2%         2d3       54%         4
 Summon Ice Beast         Ice/Summ       2%         N/A       54%         4
 Agony                    Necr           2%         N/A       86%         5
 Fireball                 Conj/Fire      1%         3d3       86%         5


Dungeon Overview and Level Annotations

Branches:
Dungeon (10/15)            Temple (0/1) D:7             Orc (2/2) D:9
   Lair: D:8-11         Elf: Orc:2

Altars:
Ashenzari
Gozag
Nemelex Xobeh
Okawaru
Sif Muna
Trog
Wu Jian
Xom

Shops:
D:4 *   D:9 *?(([   Orc:2 [


Innate Abilities, Weirdness & Mutations

You cannot wear most types of armour.
You are amphibious.
You can wear up to eight rings at the same time.
Your skin changes colour to match your surroundings (Stealth+).
Your rubbery body absorbs attacks. (AC +1, EV +1)
((You are camouflaged near water. (Stealth+)))
You have tentacles for arms and can constrict up to eight enemies at once.
You are agile. (Dex +2)
Your mind is acute. (Int +2)


Message History

You kill the ogre!
The ogre closely misses you. The orc misses you. The orc closely misses you.
The orc warrior hits you from afar with a +0 halberd!
You hit the ogre.
The ogre is poisoned.
The ogre is lightly wounded.
The orc closely misses you. The ogre completely misses you.
An orc warrior comes into view. It is wielding a +0 long sword.
Unknown command.
You hit the ogre.
The ogre looks as sick as possible!
The ogre is moderately wounded.
The orc warrior misses you.
The orc becomes distracted by the nearby gold, dreaming of imaginary riches. x2
The orc shouts!
Unknown command.
You bite the ogre!
The ogre looks as sick as possible!
The ogre is almost dead.
The ogre hits you with a +0 giant club!!
* * * LOW HITPOINT WARNING * * *
The orc warrior misses you.
The orc warrior hits you with a +0 scimitar!!
* * * LOW HITPOINT WARNING * * *
Unknown command.
You kill the ogre!
The orc is no longer distracted by gold.
The orc warrior becomes distracted by the nearby gold, dreaming of imaginary riches.
There is a stone staircase leading up here.
The orc warrior is no longer distracted by gold.
The orc is no longer distracted by gold.
The orc completely misses you.
You climb upwards.
There is a stone staircase leading down here.
You feel better.
Your transformation has ended.
Your +5 dagger of electrocution unmelds from your body.
Your +0 buckler unmelds from your body.
You hear the crackle of electricity.
The orc closely misses you.
The orc warrior hits you with a +0 scimitar!
You die...
Your body crumbles into a pile of gold.

#.......#
###....[###
#......[<.#
####..#...))##
##.....##..(..###
#.....####..[...#
#......##......##
##.....#.)[o...#
##.......@...##
##.#...o#####
####....# #....#
#...## ##.## ###


You could see an orc warrior and an orc.

Vanquished Creatures
  A boulder beetle (D:9)
  2 two-headed ogres
  Sonja (Orc:2)
  Pikel (D:4)
  A meliai (D:9)
  A shadow (D:9)
  A wraith (D:9)
  11 yaks
  2 steam dragons
  A vampire mosquito (D:9)
  3 wargs
  An acid dragon (D:9)
  3 water moccasins
  9 orc warriors
  2 sky beasts
  A black bear (D:7)
  5 ice beasts
  2 necrophages
  9 ogres
  5 centaurs
  A phantom (D:5)
  A lemure (D:4)
  3 kobold brigands
  3 bullfrogs
  2 scorpions (D:6)
  A wyvern zombie (D:6)
  A water moccasin skeleton (D:5)
  4 killer bees (D:9)
  3 wights (D:6)
  2 howler monkeys (D:8)
  4 centaur zombies
  2 jellies
  7 hounds
  A centaur skeleton (D:5)
  A bullfrog skeleton (D:5)
  Terence (D:2)
  5 iguanas
  11 orc wizards
  A killer bee zombie (D:7)
  A hound zombie (D:5)
  A hound skeleton (D:4)
  3 howler monkey zombies
  A howler monkey skeleton (D:5)
  A gnoll (D:5)
  5 adders
  A shadow imp (D:6)
  2 white imps
  2 ufetubi (D:5)
  A dart slug (D:3)
  3 worms
  45 orcs
  5 endoplasms
  4 giant cockroaches
  5 goblins
  9 hobgoblins
  15 jackals
  20 kobolds
  6 quokkas
  3 ball pythons
  5 bats
  A frilled lizard (D:1)
  6 rats
261 creatures vanquished.

Vanquished Creatures (others)
  An orc (Orc:2)
  13 fungi (D:6)
  A plant (D:5)
15 creatures vanquished.

Grand Total: 276 creatures vanquished

Notes
Turn   | Place    | Note
-------+----------+-------------------------------------------
     0 | D:1      | spiderkeys the Octopode Transmuter began the quest for the
                  | Orb.
     0 | D:1      | Reached XP level 1. HP: 13/13 MP: 3/3
   373 | D:1      | Found a faded altar of an unknown god.
   445 | D:1      | Reached XP level 2. HP: 12/18 MP: 3/5
   894 | D:2      | Reached skill level 1 in Stealth
  1066 | D:2      | Reached XP level 3. HP: 23/23 MP: 4/6
  1157 | D:2      | Noticed Terence
  1168 | D:2      | Killed Terence
  1359 | D:2      | Reached XP level 4. HP: 13/29 MP: 5/7
  2796 | D:3      | Found an iron altar of Okawaru.
  2896 | D:3      | Found a broken altar of Ashenzari.
  2897 | D:3      | Found a bloodstained altar of Trog.
  2899 | D:3      | Found an ornate altar of the Wu Jian Council.
  3132 | D:4      | Found Gozag's Platinum Reserve.
  3132 | D:4      | Found an opulent altar of Gozag.
  3140 | D:4      | Became a worshipper of Gozag Ym Sagoz the Greedy
  3140 | D:4      | Noticed a necrophage
  3148 | D:4      | Killed a necrophage
  3149 | D:4      | Reached skill level 4 in Unarmed Combat
  3149 | D:4      | Reached XP level 5. HP: 23/35 MP: 6/8
  3591 | D:4      | Noticed a lemure
  3593 | D:4      | Noticed Pikel
  3594 | D:4      | Noticed a lemure
  3596 | D:4      | Noticed a lemure
  3597 | D:4      | Noticed a lemure
  3602 | D:4      | Killed a lemure
  3606 | D:4      | Killed Pikel
  3607 | D:4      | Reached XP level 6. HP: 23/43 MP: 7/9
  3607 | D:4      | Reached XP level 7. HP: 25/47 MP: 7/10
  3756 | D:4      | Learned a level 3 spell: Spider Form
  3776 | D:4      | Reached skill level 5 in Unarmed Combat
  4144 | D:4      | Found a shimmering altar of Xom.
  4240 | D:4      | Reached XP level 8. HP: 37/54 MP: 7/11
  4582 | D:5      | Entered Level 5 of the Dungeon
  4921 | D:5      | Reached skill level 5 in Dodging
  5179 | D:5      | Reached skill level 5 in Transmutations
  5265 | D:5      | Reached skill level 5 in Fighting
  5265 | D:5      | Reached skill level 6 in Unarmed Combat
  5561 | D:5      | Found a sparkling altar of Nemelex Xobeh.
  5779 | D:5      | Reached XP level 9. HP: 30/61 MP: 8/12
  6312 | D:6      | Reached skill level 7 in Unarmed Combat
  7511 | D:6      | Reached skill level 8 in Unarmed Combat
  8488 | D:7      | Found a staircase to the Ecumenical Temple.
  8562 | D:7      | Identified the +5 lajatang of Eternal Night {flame, rN+}
  8571 | D:7      | Reached XP level 10. HP: 54/69 MP: 11/13
 10050 | D:8      | Noticed a two-headed ogre
 10060 | D:8      | Killed a two-headed ogre
 10061 | D:8      | Reached skill level 9 in Unarmed Combat
 10788 | D:8      | HP: 3/71 [yak (14)]
 10789 | D:8      | Gained mutation: Your mind is acute. (Int +2) [potion of
                  | mutation]
 10789 | D:8      | Gained mutation: You are agile. (Dex +2) [potion of
                  | mutation]
 11474 | D:9      | Found a staircase to the Orcish Mines.
 11661 | D:9      | Found Zynkaxeq's Antique Weapon Shoppe.
 11728 | D:9      | Found Odinaf's Armour Boutique.
 11736 | D:9      | Bought a +0 buckler for 63 gold pieces
 11778 | D:9      | Noticed a boulder beetle
 11793 | D:9      | Killed a boulder beetle
 11794 | D:9      | Reached skill level 1 in Shields
 11794 | D:9      | Reached skill level 10 in Unarmed Combat
 11794 | D:9      | Reached XP level 11. HP: 60/75 MP: 11/14
 11919 | D:9      | Noticed a two-headed ogre
 11942 | D:9      | Killed a two-headed ogre
 12335 | D:9      | Found Sehuf's General Store.
 12408 | D:9      | Found Wuoceel's Magic Scroll Emporium.
 12437 | D:9      | Bought a scroll of blinking for 105 gold pieces
 13350 | D:9      | Found Puecithe's Antique Weapon Emporium.
 13456 | D:10     | Entered Level 10 of the Dungeon
 13463 | D:10     | Found a shimmering blue altar of Sif Muna.
 14835 | Orc:1    | Entered Level 1 of the Orcish Mines
 15193 | Orc:2    | Entered Level 2 of the Orcish Mines
 15193 | Orc:2    | Found Xyutses's Armour Boutique.
 15193 | Orc:2    | Noticed Sonja
 16372 | Orc:1    | Reached skill level 11 in Unarmed Combat
 16475 | Orc:2    | Killed Sonja
 16488 | Orc:2    | HP: 3/78 [orc warrior/+0 scimitar (18)]
 16492 | Orc:1    | Slain by an orc warrior

Illustrated notes

Levels and vault maps discovered:
D:1:      zaba_arrival_water, layout_rooms, ebering_ecumenical_altar_box
D:2:      layout_basic, uniq_terence
D:3:      layout_basic, lemuel_doored_altar,
          chequers_temple_overflow_statue_of_worship, kennysheep_pointless_box,
          grunt_decor_one_mirror
D:4:      layout_cave_pods, xom_butterflies, nicolae_gozag_zags_fifth_avenue,
          minmay_fractal_squares_5, uniq_pikel
D:5:      minmay_polygon_palace, layout_rooms, kennysheep_little_box,
          serial_bayou_pond_e
D:6:      layout_loops_ring, chequers_ossuary_entry_cave, serial_aquarium,
          aquarium_bridge_long_joined [aquarium_subvault_balcony,
          aquarium_subvault_window, aquarium_subvault_bridge,
          aquarium_subvault_bridge, aquarium_subvault_bridge,
          aquarium_subvault_wall], aquarium_bridge_square
          [aquarium_subvault_wall, aquarium_subvault_bridge,
          aquarium_subvault_bridge, aquarium_subvault_wall],
          aquarium_window_fake, aquarium_window_2, aquarium_window_2,
          aquarium_window_corridor_3, aquarium_view_2d
D:7:      layout_rooms, minmay_temple_entry_offerings
D:8:      layout_layer_cave
D:9:      layout_long_grid, david_orc_2, serial_shops, kennysheep_mini, shop,
          shop, shop_statue, shop, minmay_shattered_shrine
D:10:     layout_cave_pools, nicolae_sif_muna_condensation
Orc:1:    layout_diamond_mine, serial_shops, nicolae_shop_behind_doors
Orc:2:    st_orc_town, layout_caves, serial_shops, shop_coins, basic_altar,
          uniq_sonja

Skill      XL: |  1  2  3  4  5  6  7  8  9 10 11 |
---------------+----------------------------------+-----
Stealth        | 1 |  1.0
Fighting       | 2 3 4 5 6 7 8 |  8.3
Dodging        | 3 4 5 6 7 8 |  8.6
Unarmed Combat | 4 5 6 8 10 11 | 11.1
Transmutations | 3 4 5 6 7 8 |  8.5
Shields        | 1 3 |  3.4
Spellcasting   | |  2.2

Action                   |  1- 3 |  4- 6 |  7- 9 | 10-12 || total
-------------------------+-------+-------+-------+-------++-------
Melee: Unarmed           |    12 |       |    27 |   274 ||   313
       Dagger            |    48 |    72 |   171 |    97 ||   388
       Constrict         |    16 |    25 |    39 |    19 ||    99
       Kick              |    24 |    18 |    58 |    37 ||   137
       Tentacles         |     9 |    14 |    32 |    15 ||    70
       Punch             |     3 |     4 |    11 |    14 ||    32
Throw: Dart              |       |       |       |     1 ||     1
 Cast: Beastly Appendage |    19 |    23 |    33 |    15 ||    90
       Spider Form       |       |       |     7 |    28 ||    35
Evoke: Wand              |       |       |       |     1 ||     1
  Use: Scroll            |     2 |     1 |     9 |     3 ||    15
       Potion            |       |       |       |     7 ||     7
 Stab: Sleeping          |     5 |     3 |     6 |     2 ||    16
       Distracted        |       |       |     2 |     1 ||     3
Armor: Skin              |     6 |     7 |     7 |    11 ||    31
Dodge: Dodged            |    22 |    37 |   129 |   429 ||   617
Block: Buckler           |       |       |       |    15 ||    15

Table legend: (Time is in decaauts)
 A = Elapsed time spent in this place.
 B = Non-inter-level travel time spent in this place.
 C = Inter-level travel time spent in this place.
 D = Time resting spent in this place.
 E = Time spent auto-exploring this place.
 F = Levels seen in this place.
 G = Mean time per level.
                   A        B        C        D        E       F      G
               +--------+--------+--------+--------+--------+-----+--------+
         Total |  16452 |  15949 |    503 |   2029 |  11810 |  12 | 1371.0 |
       Dungeon |  15551 |  15048 |    503 |   1551 |  11552 |  10 | 1555.1 |
  Orcish Mines |    900 |    900 |      0 |    478 |    258 |   2 |  450.0 |
               +--------+--------+--------+--------+--------+-----+--------+

Top non-repeatable levels by time:
     D:9: 3219 daAuts
     D:8: 2084 daAuts
     D:5: 2023 daAuts
     D:6: 1629 daAuts
     D:4: 1560 daAuts
     D:2: 1339 daAuts
     D:7: 1168 daAuts
     D:3: 1031 daAuts
   Orc:1: 856 daAuts
     D:1: 758 daAuts
    D:10: 737 daAuts
   Orc:2: 44 daAuts
